 Dungeon Crawl Stone Soup version 0.32-a0-999-gfa1cc04b1d (webtiles) character file.

Game seed: 17039664142237124922

21 Cancer the Sneak (level 2, -1/21 HPs)
             Began as an Octopode Delver on Apr 24, 2024.
             Slain by a scorpion (2 damage)
             ... on level 4 of the Dungeon.
             The game lasted 00:02:37 (340 turns).

Cancer the Sneak (Octopode Delver)                   Turns: 340, Time: 00:02:38

Health: -1/21      AC:  1    Str: 11    XL:     2   Next: 87%
Magic:  2/2        EV: 12    Int: 12    God:
Gold:   51         SH:  0    Dex: 13    Spells: 1/1 levels left

rFire   . .          .
                       - Unarmed
rCold   . . .        (no shield)
rNeg    . . .        (helmet restricted)
rPois   .            (no amulet)
rElec   .            (no ring)
rCorr   .            (no ring)
SInv    .            (no ring)
Will    .....        (no ring)
Stlth   ++++         (no ring)
HPRegen 0.23/turn    (no ring)
MPRegen 0.08/turn    (no ring)
                     (no ring)

%: no passive effects
@: no status effects
A: almost no armour, amphibious, 8 rings, camouflage 1, gelatinous body 1,
(nimble swimmer 1), tentacles
a: no special abilities


You were on level 4 of the Dungeon.
You visited 1 branch of the dungeon, and saw 2 of its levels.

You collected 51 gold pieces.

Inventory:

Hand Weapons
 i - a +0 dagger of venom
Wands
 e - a wand of digging (3)
Scrolls
 a - a scroll of fog
 b - a scroll of revelation
 c - 2 scrolls of fear
 f - a scroll of identify {unknown}
 h - a scroll of noise {unknown}
Potions
 d - a potion of haste
 g - a potion of heal wounds {unknown}


   Skills:
 - Level 3.0 Fighting
 - Level 2.0 Dodging
 - Level 6.6 Stealth
 + Level 3.3 Unarmed Combat


You had one spell level left.
You didn't know any spells.
Your spell library was empty.

Dungeon Overview and Level Annotations

Branches:
Dungeon (5/15)
 Temple: D:4-7

Altars:

Annotations:
D:4 Edmund
D:5 Ijyb


Innate Abilities, Weirdness & Mutations

You cannot wear most types of armour.
You are amphibious.
You can wear up to eight rings at the same time.
Your skin changes colour to match your surroundings (Stealth+).
Your rubbery body absorbs attacks. (AC +1, EV +1)
((You are camouflaged when in or above water. (Stealth+)))
You have tentacles for arms and can constrict up to eight enemies at once.


Message History

You shout for attention!
The orc shouts!
You hear a shout! x4
There is a stone staircase leading up here.
You barely miss the orc. You grab the orc. You constrict the orc.
The orc struggles to escape constriction.
You completely miss the orc. You tentacle-slap the orc.
The orc is severely wounded.
You constrict the orc.
You kill the orc!
You tentacle-slap the orc.
You kill the orc!
You see here a +0 dagger of venom.
Things that are here:
a +0 hand axe; an orc corpse You see here a +0 dagger of venom.
i - a +0 dagger of venom You start waiting.
A phantom is nearby!
There is a stone staircase leading up here.
You climb upwards.
Found a rapier and a fading beast talisman.
There is a stone staircase leading down here.
Edmund and 3 orcs come into view.
Edmund is wielding a +2 flail of holy wrath.
The orc shouts!
Edmund shouts!
A scorpion comes into view.
Found a ring mail.
You open the door. The scorpion barely misses you.
There is an open door here.
The scorpion attacks as it pursues you! The scorpion stings you. x2
Found 12 gold pieces.
The scorpion attacks as it pursues you! The scorpion stings you.
The scorpion stings you! The scorpion attacks as it pursues you!
The scorpion stings you.
* * * LOW HITPOINT WARNING * * *
The scorpion attacks as it pursues you! The scorpion stings you.
* * * LOW HITPOINT WARNING * * *
The scorpion attacks as it pursues you! The scorpion stings you.
* * * LOW HITPOINT WARNING * * *
The scorpion attacks as it pursues you! The scorpion stings you.
You die...

#.#.# #.#.#
######.#.##
#.........#
#.[.......#
#.........#
###.o.......#
#######...####'#.##
#...@s...@.o...#.#
#....#####...######.#
... #...# #@# . #$..#
##o# #...# ##.o#
#...# #..## #...#
##.## # #...# #..#
..#######o##


You could see Edmund, a scorpion and 2 orcs.

Vanquished Creatures
  An adder (D:5)
  3 orcs (D:5)
  3 jackals (D:5)
  A quokka (D:5)
8 creatures vanquished.

Notes
Turn   | Place    | Note
-------+----------+-------------------------------------------
     0 | D:5      | Cancer the Octopode Delver began the quest for the Orb.
     0 | D:5      | Reached XP level 1. HP: 16/16 MP: 1/1
    13 | D:5      | Noticed a hound
    35 | D:5      | Noticed Ijyb
    74 | D:5      | Noticed a phantom
    97 | D:5      | Reached XP level 2. HP: 21/21 MP: 2/2
   115 | D:5      | Noticed a black bear
   312 | D:4      | Noticed Edmund
   327 | D:4      | Noticed a scorpion
   338 | D:4      | HP: 1/21 [scorpion (3)]
   340 | D:4      | Slain by a scorpion

Illustrated notes

Levels and vault maps discovered:
D:4:      layout_basic, xom_confusion_cloud, minivault_11, minmay_between,
          uniq_edmund
D:5:      layout_cave_pools, minmay_temple_entry_large_hall, uniq_duvessa,
          uniq_ijyb

Skill      XL: |  1  2 |
---------------+-------+-----
Unarmed Combat | 3 |  3.3
Fighting       | |  3.0
Dodging        | |  2.0
Stealth        | |  6.6

Action                     || total
---------------------------++-------
  Melee: Unarmed           ||    19
         Constrict         ||     7
         Tentacles         ||     3
         Punch             ||     1
   Stab: Sleeping          ||     1
 Armour: Skin              ||    13
  Dodge: Dodged            ||    10

Table legend: (Time is in decaauts)
 A = Elapsed time spent in this place.
 B = Non-inter-level travel time spent in this place.
 C = Inter-level travel time spent in this place.
 D = Time resting spent in this place.
 E = Time spent auto-exploring this place.
 F = Levels seen in this place.
 G = Mean time per level.
                   A        B        C        D        E       F      G
               +--------+--------+--------+--------+--------+-----+--------+
         Total |    338 |    338 |      0 |     30 |      0 |   2 |  169.0 |
       Dungeon |    338 |    338 |      0 |     30 |      0 |   2 |  169.0 |
               +--------+--------+--------+--------+--------+-----+--------+

Top non-repeatable levels by time:
     D:5: 310 daAuts
     D:4: 28 daAuts
